PL
PHOENIX HOTSPUR @ NORTHERN VIRGINIA RAINBOW MERMAIDS
08/12/2032
 
TOP OF THE 1ST
Phoenix Hotspur batting - Pitching for Northern Virginia Rainbow Mermaids : RHP Eric Matson
Pitching: RHP Eric Matson
Batting: RHB Kyle Bywaters 0-0: SINGLE (Line Drive, 4MD)
Batting: LHB Francisco García 0-0: Ball
1-0: DOUBLE (Line Drive, 9LM)
Kyle Bywaters to third
Batting: LHB Tadayoshi Watanabe 0-0: Called Strike
0-1: Ball
1-1: Ball
2-1: Called Strike
2-2: Fly out, F4 (Popup, 4)
Batting: LHB Harumi Takaki 0-0: Ball
1-0: Fly out, F3 (Popup, 34S)
Batting: RHB Julián De Paz 0-0: Ball
1-0: Foul Ball, location: 2F
1-1: Called Strike
1-2: Ball
2-2: Fly out, F8 (Flyball, 8RM)
Top of the 1st over - 0 runs, 2 hits, 0 errors, 2 left on base; Phoenix 0 - Northern Virginia 0
BOTTOM OF THE 1ST
Northern Virginia Rainbow Mermaids batting - Pitching for Phoenix Hotspur : RHP Miguel Rubia
Pitching: RHP Miguel Rubia
Batting: LHB Scott Kerin 0-0: Called Strike
0-1: Ball
1-1: Foul Ball, location: 2F
1-2: Ball
2-2: Ball
3-2: Ground out 6-3 (Groundball, 6)
Batting: RHB Juan Jose Ayala 0-0: Ball
1-0: Ground out 3-1 (Groundball, 34)
Batting: LHB Kyoji Hakoda 0-0: Ball
1-0: Swinging Strike
1-1: Foul Ball, location: 2F
1-2: Ball
2-2: Strikes out looking
Bottom of the 1st over - 0 runs, 0 hits, 0 errors, 0 left on base; Phoenix 0 - Northern Virginia 0
TOP OF THE 2ND
Phoenix Hotspur batting - Pitching for Northern Virginia Rainbow Mermaids : RHP Eric Matson
Batting: LHB Wagaw Lukongolo 0-0: DOUBLE (Line Drive, 78S)
Batting: RHB Pierre Bernard 0-0: Ball
1-0: Called Strike
1-1: Ball
2-1: Foul Ball, location: 2F
2-2: Ball
3-2: Strikes out swinging
Batting: RHB Randy Rehling 0-0: Ground out 1-3 (Groundball, 13S)
Wagaw Lukongolo to third
Batting: RHB Enrico Sánchez 0-0: Swinging Strike
0-1: Ball
1-1: Ball
2-1: Ball
3-1: Ground out 4-3 (Groundball, 4)
Top of the 2nd over - 0 runs, 1 hit, 0 errors, 1 left on base; Phoenix 0 - Northern Virginia 0
BOTTOM OF THE 2ND
Northern Virginia Rainbow Mermaids batting - Pitching for Phoenix Hotspur : RHP Miguel Rubia
Batting: SHB Melito Báez 0-0: Ball
1-0: Foul Ball, location: 2F
1-1: Ball
2-1: Called Strike
2-2: Foul Ball, location: 2F
2-2: Ball
3-2: Strikes out swinging
Batting: SHB Eustacio Tafalla 0-0: Called Strike
0-1: Swinging Strike
0-2: Ball
1-2: Ball
2-2: SINGLE (Groundball, 3) (infield hit)
Batting: LHB Ty Tomblin 0-0: Swinging Strike
0-1: Ball
1-1: Foul Ball, location: 2F
1-2: Ball
2-2: Ball
3-2: Ground out U3 (Groundball, 3L)
Eustacio Tafalla to second
Batting: SHB Galtero Suárez 0-0: Ball
1-0: Ground out 6-3 (Groundball, 6S)
Bottom of the 2nd over - 0 runs, 1 hit, 0 errors, 1 left on base; Phoenix 0 - Northern Virginia 0
TOP OF THE 3RD
Phoenix Hotspur batting - Pitching for Northern Virginia Rainbow Mermaids : RHP Eric Matson
Batting: RHB Kyle Bywaters 0-0: Ball
1-0: Foul Ball, location: 2F
1-1: Foul Ball, location: 2F
1-2: Fly out, F4 (Popup, 23)
Batting: LHB Francisco García 0-0: Ball
1-0: Foul Ball, location: 2F
1-1: Ground out U3 (Groundball, 3L)
Batting: LHB Tadayoshi Watanabe 0-0: Called Strike
0-1: Ground out 4-3 (Groundball, 4)
Top of the 3rd over - 0 runs, 0 hits, 0 errors, 0 left on base; Phoenix 0 - Northern Virginia 0
BOTTOM OF THE 3RD
Northern Virginia Rainbow Mermaids batting - Pitching for Phoenix Hotspur : RHP Miguel Rubia
Batting: LHB Mysterious Walker 0-0: Called Strike
0-1: Ball
1-1: Called Strike
1-2: Foul Ball, location: 2F
1-2: Ball
2-2: Fly out, F3 (Line Drive, 3L)
Batting: LHB Bart Walton 0-0: Ball
1-0: Ball
2-0: Ball
3-0: Called Strike
3-1: Fly out, F9 (Flyball, 9S)
Batting: LHB Scott Kerin 0-0: Ball
1-0: Ball
2-0: Ball
3-0: Base on Balls
Batting: RHB Juan Jose Ayala 0-0: Called Strike
0-1: Ball
1-1: Ball
2-1: Fly out, F9 (Flyball, 89M)
Bottom of the 3rd over - 0 runs, 0 hits, 0 errors, 1 left on base; Phoenix 0 - Northern Virginia 0
TOP OF THE 4TH
Phoenix Hotspur batting - Pitching for Northern Virginia Rainbow Mermaids : RHP Eric Matson
Batting: LHB Harumi Takaki 0-0: Ball
1-0: Swinging Strike
1-1: Called Strike
1-2: Strikes out swinging
Batting: RHB Julián De Paz 0-0: Foul Ball, location: 2F
0-1: Called Strike
0-2: Ball
1-2: Ball
2-2: Strikes out swinging
Batting: LHB Wagaw Lukongolo 0-0: Called Strike
0-1: Fly out, F7 (Flyball, 7S)
Top of the 4th over - 0 runs, 0 hits, 0 errors, 0 left on base; Phoenix 0 - Northern Virginia 0
BOTTOM OF THE 4TH
Northern Virginia Rainbow Mermaids batting - Pitching for Phoenix Hotspur : RHP Miguel Rubia
Batting: LHB Kyoji Hakoda 0-0: Foul Ball, location: 2F
0-1: Foul Ball, location: 2F
0-2: Ball
1-2: Foul Ball, location: 2F
1-2: SINGLE (Line Drive, 9LM)
Batting: SHB Melito Báez 0-0: Ball
1-0: Foul Ball, location: 2F
1-1: Foul Ball, location: 2F
1-2: Strikes out swinging
Batting: SHB Eustacio Tafalla 0-0: Called Strike
0-1: Ball
1-1: Swinging Strike
1-2: Ball
2-2: Foul Ball, location: 2F
2-2: Ball
3-2: Foul Ball, location: 2F
3-2: Foul Ball, location: 2F
3-2: Strikes out swinging
Batting: LHB Ty Tomblin 0-0: Foul Ball, location: 2F
0-1: Ball
1-1: SINGLE (Groundball, 56S) (infield hit)
Kyoji Hakoda to second
Batting: SHB Galtero Suárez 0-0: Called Strike
0-1: Ball
1-1: Ball
2-1: Foul Ball, location: 2F
2-2: Ground out U3 (Groundball, 3)
Bottom of the 4th over - 0 runs, 2 hits, 0 errors, 2 left on base; Phoenix 0 - Northern Virginia 0
TOP OF THE 5TH
Phoenix Hotspur batting - Pitching for Northern Virginia Rainbow Mermaids : RHP Eric Matson
Batting: RHB Pierre Bernard 0-0: Ball
1-0: Ball
2-0: Ground out 6-3 (Groundball, 56)
Batting: RHB Randy Rehling 0-0: Called Strike
0-1: Ball
1-1: Ball
2-1: Foul Ball, location: 2F
2-2: Strikes out looking
Batting: RHB Enrico Sánchez 0-0: Called Strike
0-1: Fly out, F4 (Popup, 4S)
Top of the 5th over - 0 runs, 0 hits, 0 errors, 0 left on base; Phoenix 0 - Northern Virginia 0
BOTTOM OF THE 5TH
Northern Virginia Rainbow Mermaids batting - Pitching for Phoenix Hotspur : RHP Miguel Rubia
Batting: LHB Mysterious Walker 0-0: Ball
1-0: Ball
2-0: Foul Ball, location: 2F
2-1: Foul Ball, location: 2F
2-2: SINGLE (Flyball, 89S)
Batting: LHB Bart Walton 0-0: Called Strike
0-1: Swinging Strike
0-2: Ball
1-2: Strikes out swinging
Batting: LHB Scott Kerin 0-0: Foul Ball, location: 2F
0-1: Ball
1-1: SINGLE (Groundball, 56D)
Mysterious Walker to second
Batting: RHB Juan Jose Ayala 0-0: Called Strike
0-1: Ground out 4-3 (Groundball, 4S)
Mysterious Walker to third
Scott Kerin to second
Batting: LHB Kyoji Hakoda 0-0: Fly out, F6 (Line Drive, 6)
Bottom of the 5th over - 0 runs, 2 hits, 0 errors, 2 left on base; Phoenix 0 - Northern Virginia 0
TOP OF THE 6TH
Phoenix Hotspur batting - Pitching for Northern Virginia Rainbow Mermaids : RHP Eric Matson
Batting: RHB Kyle Bywaters 0-0: Ball
1-0: Called Strike
1-1: Ball
2-1: DOUBLE (Line Drive, 8LD)
Batting: LHB Francisco García 0-0: Ball
1-0: Called Strike
1-1: Foul Ball, location: 2F
1-2: Ball
2-2: Fly out, F7 (Flyball, 7LMF)
Batting: LHB Tadayoshi Watanabe 0-0: Ball
1-0: Called Strike
1-1: Ball
2-1: Fly out, F9 (Flyball, 9)
Batting: LHB Harumi Takaki 0-0: Foul Ball, location: 2F
0-1: Swinging Strike
0-2: Strikes out swinging
Top of the 6th over - 0 runs, 1 hit, 0 errors, 1 left on base; Phoenix 0 - Northern Virginia 0
BOTTOM OF THE 6TH
Northern Virginia Rainbow Mermaids batting - Pitching for Phoenix Hotspur : RHP Miguel Rubia
Batting: SHB Melito Báez 0-0: Called Strike
0-1: Foul Ball, location: 2F
0-2: Fly out, F8 (Flyball, 8LS)
Batting: SHB Eustacio Tafalla 0-0: Called Strike
0-1: Ball
1-1: Called Strike
1-2: Ball
2-2: Fly out, F8 (Flyball, 8RXD)
Batting: LHB Ty Tomblin 0-0: Called Strike
0-1: Ground out 6-3 (Groundball, 6)
Bottom of the 6th over - 0 runs, 0 hits, 0 errors, 0 left on base; Phoenix 0 - Northern Virginia 0
TOP OF THE 7TH
Phoenix Hotspur batting - Pitching for Northern Virginia Rainbow Mermaids : RHP Eric Matson
Batting: RHB Julián De Paz 0-0: Swinging Strike
0-1: Ball
1-1: Ground out 6-3 (Groundball, 6)
Batting: LHB Wagaw Lukongolo 0-0: Ball
1-0: Ground out 4-3 (Groundball, 4)
Batting: RHB Pierre Bernard 0-0: Ball
1-0: Swinging Strike
1-1: Hit by Pitch
Batting: RHB Randy Rehling 0-0: Called Strike
0-1: Swinging Strike
0-2: Ground out 4-3 (Groundball, 4)
Top of the 7th over - 0 runs, 0 hits, 0 errors, 1 left on base; Phoenix 0 - Northern Virginia 0
BOTTOM OF THE 7TH
Northern Virginia Rainbow Mermaids batting - Pitching for Phoenix Hotspur : RHP Miguel Rubia
Batting: SHB Galtero Suárez 0-0: Called Strike
0-1: Reached via error on a dropped throw, E1
Pitching: RHP Roger Taylor
Batting: LHB Mysterious Walker 0-0: Ball
1-0: Ball
2-0: Foul Ball, location: 2F
2-1: Ball
Passed Ball!
Galtero Suárez to second
3-1: Intentional Walk
Batting: LHB Bart Walton 0-0: Called Strike
0-1: Ball
1-1: Ball
2-1: Ball
3-1: Called Strike
3-2: Fly out, F5 (Popup, 5SF)
Batting: LHB Scott Kerin 0-0: Swinging Strike
0-1: Swinging Strike
0-2: Strikes out looking
Batting: RHB Juan Jose Ayala 0-0: Foul Ball, location: 2F
0-1: Foul Ball, location: 2F
0-2: Ball
1-2: Ball
2-2: Foul Ball, location: 2F
2-2: Fly out, F9 (Flyball, 9)
Bottom of the 7th over - 0 runs, 0 hits, 1 error, 2 left on base; Phoenix 0 - Northern Virginia 0
TOP OF THE 8TH
Phoenix Hotspur batting - Pitching for Northern Virginia Rainbow Mermaids : RHP Eric Matson
Pinch Hitting: RHB Hieronymus Bosch 0-0: Ball
1-0: Fly out, F8 (Flyball, 8LS)
Batting: RHB Kyle Bywaters 0-0: Called Strike
0-1: Ball
1-1: Fly out, F4 (Line Drive, 34)
Batting: LHB Francisco García 0-0: Ball
1-0: Swinging Strike
1-1: Ball
2-1: Swinging Strike
2-2: Ball
3-2: Foul Ball, location: 2F
3-2: Ground out 1-3 (Groundball, 13)
Top of the 8th over - 0 runs, 0 hits, 0 errors, 0 left on base; Phoenix 0 - Northern Virginia 0
BOTTOM OF THE 8TH
Northern Virginia Rainbow Mermaids batting - Pitching for Phoenix Hotspur : RHP Roger Taylor
Now at 2B: Luis Díaz
Batting: LHB Kyoji Hakoda 0-0: Fly out, F8 (Flyball, 8LM)
Batting: SHB Melito Báez 0-0: Ball
1-0: Ball
2-0: Ball
3-0: Base on Balls
Batting: SHB Eustacio Tafalla 0-0: Ball
1-0: Ball
2-0: Fielders Choice at 2nd, 3-6 (Groundball, 3)
Batting: LHB Ty Tomblin 0-0: Ball
Eustacio Tafalla steals 2nd base
1-0: Ground out U3 (Groundball, 3S)
Bottom of the 8th over - 0 runs, 0 hits, 0 errors, 1 left on base; Phoenix 0 - Northern Virginia 0
TOP OF THE 9TH
Phoenix Hotspur batting - Pitching for Northern Virginia Rainbow Mermaids : RHP Eric Matson
Batting: LHB Tadayoshi Watanabe 0-0: Swinging Strike
0-1: Ground out U3 (Groundball, 3)
Batting: LHB Harumi Takaki 0-0: Ball
1-0: Foul Ball, location: 2F
1-1: Ball
2-1: Ground out 1-3 (Groundball, 13S)
Batting: RHB Julián De Paz 0-0: Ball
1-0: Called Strike
1-1: Called Strike
1-2: Strikes out swinging
Top of the 9th over - 0 runs, 0 hits, 0 errors, 0 left on base; Phoenix 0 - Northern Virginia 0
BOTTOM OF THE 9TH
Northern Virginia Rainbow Mermaids batting - Pitching for Phoenix Hotspur : RHP Roger Taylor
Batting: SHB Galtero Suárez 0-0: Ground out 3-1 (Groundball, 34S)
Batting: LHB Mysterious Walker 0-0: SINGLE (Groundball, 4D)
Pinch Runner at 1st Marcos Alfaro:
Batting: LHB Bart Walton 0-0: Ball
1-0: Ground out U3 (Groundball, 34)
Marcos Alfaro to second
Batting: LHB Scott Kerin 0-0: Ball
1-0: Foul Ball, location: 2F
1-1: Foul Ball, location: 2F
1-2: Ground out 4-3 (Groundball, 4M)
Bottom of the 9th over - 0 runs, 1 hit, 0 errors, 1 left on base; Phoenix 0 - Northern Virginia 0
TOP OF THE 10TH
Phoenix Hotspur batting - Pitching for Northern Virginia Rainbow Mermaids : RHP Eric Matson
Pitching: RHP Iván García
Now at SS: Marcos Alfaro
Batting: LHB Wagaw Lukongolo 0-0: Foul Ball, location: 2F
0-1: Ball
1-1: Ground out 4-3 (Groundball, 4)
Batting: RHB Pierre Bernard 0-0: Ball
1-0: Called Strike
1-1: Swinging Strike
1-2: Ball
2-2: Strikes out looking
Pinch Hitting: LHB Shojiro Ueda 0-0: Ball
1-0: Called Strike
1-1: Foul Ball, location: 2F
1-2: SOLO HOME RUN (Line Drive, 9LD), Distance : 346 ft
Batting: LHB Luis Díaz 0-0: Called Strike
0-1: Foul Ball, location: 2F
0-2: Fly out, F6 (Popup, 6D)
Top of the 10th over - 1 run, 1 hit, 0 errors, 0 left on base; Phoenix 1 - Northern Virginia 0
BOTTOM OF THE 10TH
Northern Virginia Rainbow Mermaids batting - Pitching for Phoenix Hotspur : RHP Roger Taylor
Now at C: Mark Detamore
Batting: RHB Juan Jose Ayala 0-0: Ball
1-0: Ball
2-0: Ball
3-0: Base on Balls
Batting: LHB Kyoji Hakoda 0-0: Ball
1-0: SINGLE (Flyball, 7S)
Juan Jose Ayala to second
Pitching: RHP Santiago Alonza
Batting: SHB Melito Báez 0-0: Ball
1-0: Called Strike
Juan Jose Ayala steals 3rd base
1-1: Foul Ball, location: 2F
1-2: Foul Ball, location: 2F
1-2: Ball
2-2: Fly out, F9 (Flyball, 89XD)
Runner from 3rd tags up, SCORES, no throw
Pinch Runner at 1st Zahid Kashani:
Batting: SHB Eustacio Tafalla 0-0: Called Strike
Zahid Kashani steals 2nd base
0-1: Ball
Zahid Kashani steals 3rd base
1-1: Intentional Walk
Batting: LHB Ty Tomblin 0-0: Called Strike
0-1: Called Strike
0-2: Foul Ball, location: 2F
0-2: DOUBLE (Line Drive, 8LD)
Zahid Kashani scores
Wednesday, September 19th, 2018 - OOTP Baseball 18.8 Build 76